AoeStats
← Foster

Enclosed

505169999Analyzed
1v1 RM · 23d ago on Sep 8, 2026· 24m 17s· 2 players
Game mode
Random Map
Map size
Tiny (2 player)
Population
200
Speed
Normal
Resources
Standard
Victory
Conquest
Starting age
Dark Age
Ending age
Imperial Age
RankedLock teamsTeams togetherTeam positionsShared explorationLock speedFull tech treeHidden civsTurbo modeCheats
Victory
Defeat
🇺🇸 Lithuanians · United States
712
+19
🇨🇴 Ethiopians · Colombia
774
-19
Foster
11:54 Feudal Age
10:11 Loom
17:37 Castle Age
22:08 Forging
23:09 Bloodlines
23:30 Scale Barding Armor
24:05 Husbandry
itan9404
10:46 Feudal Age
13:09 Gold Mining
14:08 Double-Bit Axe
20:12 Fletching
23:08 Castle Age
22:14 Horse Collar
Connection lost

Rejoining the realm…

Still unreachable

The connection could not be restored.

Session expired

The server has moved on; the page needs a fresh start.